 Dungeon Crawl Stone Soup version 0.28.0-45-g0d030f2227 (webtiles) character file.

Game seed: 2292963432941975626

2031 DearestLeader the Shield-Bearer (level 9, -4/74 HPs)
             Began as a Gnoll Fighter on Apr 21, 2022.
             Slain by a wyvern (12 damage)
             ... on level 7 of the Dungeon.
             The game lasted 00:11:57 (7363 turns).

DearestLeader the Shield-Bearer (Gnoll Fighter)     Turns: 7363, Time: 00:11:58

Health: -4/74      AC: 19    Str: 19    XL:     9   Next: 23%
Magic:  0/15       EV:  8    Int:  8    God:
Gold:   411        SH:  6    Dex: 12    Spells: 16/16 levels left

rFire   . . .      SeeInvis .   C - +2 spear (flame)
rCold   + + .      Faith    .   c - +0 buckler
rNeg    . . .      Spirit   +   G - +3 chain mail {rC+}
rPois   .          Reflect  .   n - +0 helmet
rElec   .          Harm     .   x - +1 cloak {Will+}
rCorr   .          Rampage  .   (no gloves)
Will    ++...                   H - +1 pair of boots
Stlth   ..........              v - amulet of guardian spirit
HPRegen 0.22/turn               I - ring of willpower
MPRegen 0.14/turn               b - ring of protection from cold

@: no status effects
A: fangs 1, strong nose, distributed training
a: no special abilities


You were on level 7 of the Dungeon.
You visited 2 branches of the dungeon, and saw 8 of its levels.
You also visited: Sewer.

You collected 411 gold pieces.

Inventory:

Hand Weapons
 a - a +1 war axe
 C - a +2 spear of flaming (weapon)
Armour
 c - a +0 buckler (worn)
 n - a +0 helmet (worn)
 x - a +1 cloak of willpower (worn)
 G - a +3 chain mail of cold resistance (worn)
 H - a +1 pair of boots (worn)
Jewellery
 b - a ring of protection from cold (right hand)
 f - an amulet of faith
 t - a ring of flight
 v - an amulet of guardian spirit (around neck)
 z - a ring of ice
 I - a ring of willpower (left hand)
Wands
 d - a wand of paralysis (3)
 A - a wand of acid (5)
 E - a wand of digging (1)
 F - a wand of polymorph (18)
Scrolls
 g - a scroll of holy word {unknown}
 o - 5 scrolls of teleportation
 q - a scroll of blinking
 r - a scroll of enchant weapon
 s - a scroll of summoning {unknown}
 u - a scroll of noise
 w - a scroll of identify {unknown}
 y - a scroll of enchant armour
 D - a scroll of magic mapping {unknown}
Potions
 e - a potion of brilliance {unknown}
 h - 2 potions of curing
 i - a potion of magic {unknown}
 j - 2 potions of cancellation {unknown}
 k - a potion of attraction {unknown}
 l - a potion of flight {unknown}
 m - a potion of mutation {unknown}
 p - 2 potions of heal wounds
 B - a potion of degeneration {unknown}


   Skills:
 + Level 7.8 Fighting
 + Level 4.0 Short Blades
 + Level 4.0 Long Blades
 + Level 6.2 Axes
 + Level 4.0 Maces & Flails
 + Level 4.0 Polearms
 + Level 4.0 Staves
 + Level 4.0 Slings
 + Level 4.0 Bows
 + Level 4.0 Crossbows
 + Level 4.0 Throwing
 + Level 7.8 Armour
 + Level 4.0 Dodging
 + Level 4.0 Stealth
 + Level 7.8 Shields
 + Level 4.0 Unarmed Combat
 + Level 4.0 Spellcasting
 + Level 3.3 Conjurations
 + Level 3.3 Hexes
 + Level 3.3 Summonings
 + Level 3.3 Necromancy
 + Level 3.3 Translocations
 + Level 3.3 Transmutations
 + Level 3.3 Fire Magic
 + Level 3.3 Ice Magic
 + Level 3.3 Air Magic
 + Level 3.3 Earth Magic
 + Level 3.3 Poison Magic
 + Level 4.4 Invocations
 + Level 4.0 Evocations


You had 16 spell levels left.
You didn't know any spells.
Your spell library contained the following spells:

 Spells                   Type           Power      Damage    Failure   Level
 Animate Skeleton         Necr           12%        N/A       63%         1
 Apportation              Tloc           12%        N/A       63%         1
 Beastly Appendage        Tmut           12%        N/A       63%         1
 Summon Small Mammal      Summ           24%        N/A       63%         1
 Wereblood                Tmut           6%         N/A       77%         2
 Call Canine Familiar     Summ           6%         N/A       94%         3
 Spider Form              Tmut/Pois      6%         N/A       94%         3
 Summon Guardian Golem    Hex/Summ       6%         N/A       94%         3


Dungeon Overview and Level Annotations

Branches:
Dungeon (7/15)             Temple (1/1) D:5           Sewer (visited)

Altars:
Ashenzari
Cheibriados
Dithmenos
Elyvilon
Fedhas
Gozag
Hepliaklqana
Kikubaaqudgha
Makhleb
Nemelex Xobeh
Qazlal
Ru
Sif Muna
Trog
Uskayaw
Vehumet
Wu Jian
Xom
Yredelemnul
Zin
The Shining One

Shops:
D:4 (   D:7 =


Innate Abilities, Weirdness & Mutations

You have very sharp teeth.
Your uncanny sense of smell can sniff out nearby items.
Your experience applies equally to all skills.


Message History

You are too injured to fight recklessly!
The wyvern barely misses you. You block the wyvern's attack.
The wyvern bites you but does no damage.
You hit the wyvern but do no damage. You bite the wyvern.
The wyvern is moderately wounded.
The wyvern closely misses you.
You hit the wyvern but do no damage. You bite the wyvern, but do no damage.
The wyvern is moderately wounded.
The wyvern barely misses you. You block the wyvern's attack.
You hit the wyvern. You burn the wyvern.
The wyvern is moderately wounded.
The wyvern bites you but does no damage.
You puncture the wyvern! You burn the wyvern.
The wyvern is heavily wounded.
You block the wyvern's attack.
The wyvern bites you but does no damage.
You barely miss the wyvern. You bite the wyvern, but do no damage.
The wyvern is heavily wounded.
The wyvern barely misses you.
You hit the wyvern. You burn the wyvern. You bite the wyvern, but do no damage.
The wyvern is severely wounded.
The wyvern bites you!
* * * LOW HITPOINT WARNING * * *
You hit the wyvern. You burn the wyvern.
The wyvern is severely wounded.
The wyvern bites you!
* * * LOW HITPOINT WARNING * * *
The wyvern bites you but does no damage.
You completely miss the wyvern.
The wyvern is severely wounded.
The wyvern bites you!
* * * LOW HITPOINT WARNING * * *
Unknown command.
It was a potion of curing.
You feel better. The wyvern bites you.
* * * LOW HITPOINT WARNING * * *
You hit the wyvern but do no damage. You bite the wyvern, but do no damage.
The wyvern is severely wounded.
The wyvern bites you!
You die...

#..#....# #..#....# ...
...?...# ...
#....############. ##
#.................
####!.#.........<.......
#<....#.................
#.......................
..#+##@................
#....l...##.####.##..#
#............. #......
#.......?#.....#..#...
#........#.....#..#...
#........# ##.#####...
..######... .§...... ..
.... ........ ..§§≈
S.≈≈≈S≈.


You could see a wyvern.

Vanquished Creatures
  Sigmund (D:2)
  A water moccasin (D:5)
  Pargi (Sewer)
  An ice beast (D:6)
  3 ogres
  2 necrophages
  A centaur (D:5)
  A wyvern zombie (D:6)
  2 scorpions
  A water moccasin zombie (D:5)
  2 jellies (D:7)
  4 hounds
  4 orc priests
  2 gnoll shamans
  An iguana (D:6)
  4 orc wizards
  Robin (D:2)
  13 gnolls
  5 adders
  2 shadow imps
  2 ufetubi
  2 worms
  3 dart slugs
  22 orcs
  7 bats
  8 endoplasms
  3 giant cockroaches
  14 goblins
  6 hobgoblins
  13 kobolds
  6 quokkas
  4 ball pythons
  5 frilled lizards
  6 rats
153 creatures vanquished.

Notes
Turn   | Place    | Note
-------+----------+-------------------------------------------
     0 | D:1      | DearestLeader the Gnoll Fighter began the quest for the
                  | Orb.
     0 | D:1      | Reached XP level 1. HP: 23/23 MP: 1/1
   152 | D:1      | Found a faded altar of an unknown god.
   203 | D:1      | Reached XP level 2. HP: 29/29 MP: 2/2
   470 | D:1      | Reached XP level 3. HP: 35/35 MP: 3/3
   762 | D:2      | Reached skill level 1 in Invocations
  1076 | D:2      | Reached skill level 1 in Short Blades
  1076 | D:2      | Reached skill level 1 in Long Blades
  1076 | D:2      | Reached skill level 1 in Maces & Flails
  1076 | D:2      | Reached skill level 1 in Polearms
  1076 | D:2      | Reached skill level 1 in Staves
  1076 | D:2      | Reached skill level 1 in Slings
  1076 | D:2      | Reached skill level 1 in Bows
  1076 | D:2      | Reached skill level 1 in Crossbows
  1076 | D:2      | Reached skill level 1 in Throwing
  1076 | D:2      | Reached skill level 1 in Dodging
  1076 | D:2      | Reached skill level 1 in Stealth
  1076 | D:2      | Reached skill level 1 in Unarmed Combat
  1076 | D:2      | Reached skill level 1 in Spellcasting
  1076 | D:2      | Reached skill level 1 in Evocations
  1170 | D:2      | Noticed Robin
  1174 | D:2      | Reached XP level 4. HP: 36/41 MP: 5/5
  1189 | D:2      | Killed Robin
  1360 | D:2      | Noticed Sigmund
  1368 | D:2      | Killed Sigmund
  1369 | D:2      | Reached skill level 1 in Conjurations
  1369 | D:2      | Reached skill level 1 in Hexes
  1369 | D:2      | Reached skill level 1 in Summonings
  1369 | D:2      | Reached skill level 1 in Necromancy
  1369 | D:2      | Reached skill level 1 in Translocations
  1369 | D:2      | Reached skill level 1 in Transmutations
  1369 | D:2      | Reached skill level 1 in Fire Magic
  1369 | D:2      | Reached skill level 1 in Ice Magic
  1369 | D:2      | Reached skill level 1 in Air Magic
  1369 | D:2      | Reached skill level 1 in Earth Magic
  1369 | D:2      | Reached skill level 1 in Poison Magic
  1369 | D:2      | Reached XP level 5. HP: 44/47 MP: 5/7
  1369 | D:2      | Reached XP level 6. HP: 49/53 MP: 5/8
  1976 | D:3      | Reached skill level 5 in Axes
  2213 | D:3      | Reached XP level 7. HP: 29/59 MP: 10/10
  2214 | D:3      | Found a glowing drain.
  2223 | Sewer    | Entered a sewer
  2440 | Sewer    | Noticed Pargi
  2446 | Sewer    | Killed Pargi
  3122 | D:4      | Found Kofysk's Weapon Shoppe.
  3165 | D:4      | Found a shimmering blue altar of Sif Muna.
  4095 | D:5      | Entered Level 5 of the Dungeon
  4150 | D:5      | Found a staircase to the Ecumenical Temple.
  4164 | Temple   | Entered the Ecumenical Temple
  4671 | D:5      | Found a blossoming altar of Fedhas.
  4697 | D:5      | Reached XP level 8. HP: 58/67 MP: 9/12
  6047 | D:5      | Reached XP level 9. HP: 41/72 MP: 8/14
  7230 | D:7      | Found Qogaeqy's Jewellery Shoppe.
  7361 | D:7      | HP: 2/74 [wyvern (7)]
  7363 | D:7      | Slain by a wyvern

Illustrated notes

Levels and vault maps discovered:
D:1:      eino_arrival_water_star, layout_rooms,
          dreamdust_ecumenical_altar_statues, dk_noncrumbling_4
D:2:      layout_basic, ebering_dispersal_statue_hall, uniq_robin, uniq_sigmund
D:3:      layout_basic, portal_sewer_entry_d, chequers_serial_rivers_micro_d,
          kennysheep_generic_room_7
D:4:      layout_cave_pools, amcnicky_altar_gilded, serial_shops, shop
D:5:      layout_basic, fedhas_bush_and_centaur_altar,
          minmay_temple_entry_mini_moons
D:6:      layout_cave_pools, nicolae_zen_rock_garden, minmay_checkerbox
D:7:      layout_gridville, serial_shops, nicolae_shop_stone,
          nicolae_shop_behind_doors, shop, nicolae_shop_stone, shop,
          kennysheep_boxes
Temple:   mainiacjoe_temple_bowtie_tessellation

Skill      XL: |  1  2  3  4  5  6  7  8  9 |
---------------+----------------------------+-----
Invocations    | 1 2 3 4 |  4.4
Short Blades   | 1 2 3 4 |  4.0
Long Blades    | 1 2 3 4 |  4.0
Maces & Flails | 1 2 3 4 |  4.0
Polearms       | 1 2 3 4 |  4.0
Staves         | 1 2 3 4 |  4.0
Slings         | 1 2 3 4 |  4.0
Bows           | 1 2 3 4 |  4.0
Crossbows      | 1 2 3 4 |  4.0
Throwing       | 1 2 3 4 |  4.0
Dodging        | 1 2 3 4 |  4.0
Stealth        | 1 2 3 4 |  4.0
Unarmed Combat | 1 2 3 4 |  4.0
Spellcasting   | 1 2 3 4 |  4.0
Evocations     | 1 2 3 4 |  4.0
Conjurations   | 1 2 3 |  3.3
Hexes          | 1 2 3 |  3.3
Summonings     | 1 2 3 |  3.3
Necromancy     | 1 2 3 |  3.3
Translocations | 1 2 3 |  3.3
Transmutations | 1 2 3 |  3.3
Fire Magic     | 1 2 3 |  3.3
Ice Magic      | 1 2 3 |  3.3
Air Magic      | 1 2 3 |  3.3
Earth Magic    | 1 2 3 |  3.3
Poison Magic   | 1 2 3 |  3.3
Axes           | 5 6 |  6.2
Fighting       | 7 |  7.8
Armour         | 7 |  7.8
Shields        | 7 |  7.8

Action                   |  1- 3 |  4- 6 |  7- 9 || total
-------------------------+-------+-------+-------++-------
Melee: War axe           |    78 |   117 |   165 ||   360
       Bite              |     3 |    10 |    40 ||    53
       Spear             |       |       |   183 ||   183
  Use: Potion            |       |     1 |     1 ||     2
       Scroll            |       |     6 |     2 ||     8
Armor: Scale mail        |    39 |    51 |   150 ||   240
       Chain mail        |       |       |    13 ||    13
Dodge: Dodged            |    35 |    35 |   196 ||   266
Block: Buckler           |    22 |    27 |   103 ||   152
